 Dungeon Sprint DCSS version 0.31-a0-965-g8a8ce12e04 (webtiles) character file.

Game seed: 1828166006910433073

21 fozzywoppz the Trooper (level 2, 0/28 HPs)
             Began as a Draconian Berserker on Oct 27, 2023.
             Was a Priest of Trog.
             Slain by an iguana (12 damage)
             ... in the Dungeon (Sprint IX: "|||||||||||||||||||||||||||||").
             The game lasted 00:00:22 (61 turns).

fozzywoppz the Trooper (Draconian Berserker)          Turns: 61, Time: 00:00:23

Health: 0/28       AC:  4    Str: 19    XL:     2   Next: 65%
Magic:  2/2        EV: 12    Int:  7    God:    Trog [***...]
Gold:   0          SH:  0    Dex: 10    Spells: 1/1 levels left

rFire   . .          .
                       - Unarmed
rCold   . . .        (no shield)
rNeg    . . .        (body armour unavailable)
rPois   .            (helmet restricted)
rElec   .            (no cloak)
rCorr   .            (no gloves)
SInv    .            (no boots)
Will    .....        (no amulet)
Stlth   +            (no ring)
HPRegen 0.24/turn    (no ring)
MPRegen 0.08/turn

%: no teleportation
@: no status effects
A: AC +4, unfitting armour, cold-blooded
a: Renounce Religion, Berserk, Trog's Hand


You were in the Dungeon.
You worshipped Trog.
Trog was most pleased with you.
You visited 1 branch

Inventory:

Scrolls
 f - a scroll of blinking
Potions
 a - a potion of curing
 b - a potion of heal wounds
 c - a potion of haste
 d - 2 potions of magic
 e - a potion of berserk rage


   Skills:
 + Level 4.7 Fighting
 + Level 3.9 Dodging
 + Level 4.3 Unarmed Combat


You had one spell level left.
You didn't know any spells.
Your spell library was empty.

Dungeon Overview and Level Annotations

Branches:
Dungeon (1/1)

Altars:


Innate Abilities, Weirdness & Mutations

Your plain brown scales are hard. (AC +4)
You cannot fit into any form of body armour.
You are cold-blooded and may be slowed by cold attacks.


Message History

You kill the adder!
Trog accepts your kill.
Your Unarmed Combat skill increases to level 4!
You hit the orc.
The orc is severely wounded.
The orc completely misses you.
You closely miss the orc.
The orc is severely wounded.
The orc hits you with a +0 club.
You barely miss the orc.
Your tail-slap misses the orc.
The orc is severely wounded.
The orc misses you.
You hit the orc.
You kill the orc!
Trog accepts your kill.
You hit the iguana but do no damage. The iguana barely misses you.
You hit the iguana but do no damage.
You tail-slap the iguana, but do no damage.
You hit the iguana.
The iguana is moderately wounded.
The iguana closely misses you.
You hit the iguana but do no damage.
Your tail-slap misses the iguana.
The iguana is moderately wounded.
The iguana closely misses you.
You barely miss the iguana.
The iguana is moderately wounded.
The iguana barely misses you.
You hit the iguana.
The iguana is moderately wounded.
The iguana bites you but does no damage.
You barely miss the iguana.
The iguana is moderately wounded.
The iguana barely misses you.
You hit the iguana.
The iguana is heavily wounded.
The iguana bites you!
You closely miss the iguana.
The iguana is heavily wounded.
The iguana bites you!
You die...

▓+▓
▓.▓
▓.▓
▓.▓
▓.▓
▓s▓
▓l▓
▓@▓
▓.▓
▓.▓
▓†▓
▓.▓
▓†▓
▓.▓
▓.▓
▓.▓


You could see a scorpion and an iguana.

Vanquished Creatures
  An adder (D)
  2 dart slugs (D)
  An orc (D)
  A hobgoblin (D)
  2 quokkas (D)
  A bat (D)
8 creatures vanquished.

Notes
Turn   | Place    | Note
-------+----------+-------------------------------------------
     0 | D        | fozzywoppz the Draconian Berserker began the quest for the
                  | Orb.
     0 | D        | Reached XP level 1. HP: 19/19 MP: 1/1
    12 | D        | Reached ** piety under Trog
    22 | D        | Reached XP level 2. HP: 24/27 MP: 2/2
    37 | D        | Noticed a scorpion
    48 | D        | Reached *** piety under Trog
    61 | D        | Slain by an iguana

Illustrated notes

Levels and vault maps discovered:
D:        linesprint [early_d, line_temple, items_1, d_10, items_2, lair_1,
          lair_end, items_3, orc_1, orc_end, items_4, d_15, swamp_1, shoals_1,
          snake_1, spider_1, d_20, vaults_1, items_5, swamp_end, shoals_end,
          snake_end, spider_end, vaults_end, d_27, items_6, zot_1, zot_end,
          crypt_end, forest_end, elf_end, slime_end, tomb_end, abyss_end,
          pan_hell_end]

Skill      XL: |  1  2 |
---------------+-------+-----
Dodging        | 3 |  3.9
Fighting       | 4 |  4.7
Unarmed Combat | 4 |  4.3

Action                     || total
---------------------------++-------
  Melee: Unarmed           ||    40
         Tailslap          ||     4
 Armour: Skin              ||    15
  Dodge: Dodged            ||    20

Table legend: (Time is in decaauts)
 A = Elapsed time spent in this place.
 B = Non-inter-level travel time spent in this place.
 C = Inter-level travel time spent in this place.
 D = Time resting spent in this place.
 E = Time spent auto-exploring this place.
 F = Levels seen in this place.
 G = Mean time per level.
                   A        B        C        D        E       F      G
               +--------+--------+--------+--------+--------+-----+--------+
         Total |     58 |     58 |      0 |     11 |      0 |   1 |   58.0 |
       Dungeon |     58 |     58 |      0 |     11 |      0 |   1 |   58.0 |
               +--------+--------+--------+--------+--------+-----+--------+

Top non-repeatable levels by time:
       D: 58 daAuts
